AoeStats
← Bukkake

Four Lakes

510255175Analyzed
1v1 RM · 2d ago on Sep 30, 2026· 42m 19s· 2 players
Game mode
Random Map
Map size
Tiny (2 player)
Population
200
Speed
Normal
Resources
Standard
Victory
Conquest
Starting age
Dark Age
Ending age
Imperial Age
RankedLock teamsTeams togetherTeam positionsShared explorationLock speedFull tech treeHidden civsTurbo modeCheats
Victory
Defeat
🇩🇪 Spanish · Germany
893
+16
🇦🇺 Bengalis · Australia
884
-16
Bukkake
9:53 Feudal Age
9:52 Loom
15:40 Castle Age
13:47 Double-Bit Axe
15:28 Man-at-Arms
16:29 Light Cavalry
18:30 Scale Barding Armor
27:16 Paiks
28:24 Fletching
29:55 Bodkin Arrow
32:34 Imperial Age
32:08 Elite Skirmisher
39:22 Chemistry
Cleaninger
12:05 Feudal Age
12:36 Loom
14:13 Double-Bit Axe
14:09 Horse Collar
15:53 Wheelbarrow
23:47 Castle Age
21:47 Gold Mining
21:51 Fletching
22:56 Bloodlines
22:50 Padded Archer Armor
24:41 Bodkin Arrow
26:38 Bow Saw
28:32 Ballistics
28:20 Stone Mining
28:28 Fishing Lines
30:46 Masonry
32:06 Inquisition
33:17 Wheelbarrow
33:09 Murder Holes
34:42 Gillnets
35:07 Clinker Construction
36:30 Redemption
39:06 Imperial Age
37:58 Leather Archer Armor
40:59 Conscription
41:50 Theocracy
Connection lost

Rejoining the realm…

Still unreachable

The connection could not be restored.

Session expired

The server has moved on; the page needs a fresh start.